[Event "Team 45 45 League T39"]
[Site "Internet Chess Club"]
[Date "2008.11.03"]
[Round "2"]
[White "jocooper"]
[Black "squeege"]
[Result "1-0"]
[WhiteElo "1191"]
[BlackElo "1164"]
[Opening "Queen's pawn game, Darooha variation "]
[ECO "D02"]
[Time "21:00:50"]
[TimeControl "2700+45"]

1. d4 d5 2. Nf3 Nf6 3. Nbd2 Bg4 4. e3 e6 5. Bd3 Be7 6. O-O Nc6 7. Re1 O-O 8. c3
Bd6 9. e4 dxe4 10. Nxe4 Nxe4 11. Bxe4 Qd7 12. Qd3 Rfe8 13. Bxh7+ Kf8 14. Be4
Bxf3 15. Bxf3 Bc5 16. Qh7 Bd6 17. Qh8+ Ke7 18. Bg5+ f6 19. Qxg7+ Kd8 20. Bxf6+
Be7 21. Qg5 Bxf6 22. Qxf6+ Ne7 23. Bg4 {Black resigns} 1-0

[Event "Team 45 45 League T39"]
[Site "Internet Chess Club"]
[Date "2008.11.01"]
[Round "2"]
[White "Daidalos"]
[Black "WannaB"]
[Result "0-1"]
[WhiteElo "1066"]
[BlackElo "1076"]
[Opening "English opening"]
[ECO "A20"]
[Time "10:00:12"]
[TimeControl "2700+45"]

1. c4 e5 2. e4 Nf6 3. Nc3 Bb4 4. Bd3 a6 5. Nge2 d6 6. O-O O-O 7. a4 b6 8. Qb3
Nc6 9. Na2 a5 10. Nac3 Nd4 11. Nxd4 exd4 12. Nd5 Nxd5 13. exd5 Bd7 14. Be4 Bc5
15. d3 f5 16. Bf3 f4 17. Bd2 Rb8 18. Rfe1 Qc8 19. h3 c6 20. Re7 Qd8 21. Rae1 Qc8
22. R1e2 b5 23. Qd1 Bb4 24. b3 bxc4 25. dxc4 Bxd2 26. Rxd2 c5 27. Rd3 Qd8 28.
Qe2 Re8 29. Rxe8+ Qxe8 30. Qxe8+ Rxe8 31. Kf1 Bf5 32. Rd2 g6 33. Bg4 Bxg4 34.
hxg4 Kg7 35. f3 g5 36. Rd3 Kg6 37. Kf2 h5 38. gxh5+ Kxh5 39. g4+ Kg6 40. Rd2 Rh8
41. Kg2 Kf6 42. Re2 Kf7 43. Re6 Rd8 44. Rh6 Kg7 45. Rh5 Kg6 46. Kf2 Re8 47. Rh1
Re3 48. Rb1 Rc3 49. Rb2 d3 50. Ke1 Rc1+ 51. Kd2 Rf1 52. Kxd3 Rxf3+ 53. Ke2 Rh3
54. Rb1 Rg3 55. Kf2 Rxg4 56. Kf3 Rh4 57. Kf2 g4 58. Kg2 Kf5 59. Rh1 Rxh1 60.
Kxh1 Ke4 61. Kg2 Ke3 62. Kf1 f3 63. Ke1 g3 64. Kf1 g2+ 65. Kg1 Ke2 66. b4 axb4
67. a5 f2+ 68. Kxg2 f1=Q+ 69. Kg3 Qa1 70. Kf4 Qxa5 71. Kf5 b3 72. Ke6 Qa6 73.
Kd7 b2 {White resigns} 0-1

[Event "Team 45 45 League T39"]
[Site "Internet Chess Club"]
[Date "2008.11.02"]
[Round "2"]
[White "carolinaknight"]
[Black "Just-Jim"]
[Result "0-1"]
[WhiteElo "1118"]
[BlackElo "1415"]
[Opening "King's pawn game"]
[ECO "C50"]
[Time "19:00:48"]
[TimeControl "2700+45"]

1. e4 e5 2. Nf3 Nc6 3. Bc4 h6 4. Nc3 Bc5 5. O-O d6 6. d4 Nxd4 7. Be3 Bg4 8. h3
Nxf3+ 9. gxf3 Bxh3 10. Re1 Bxe3 11. Rxe3 Qg5+ {White resigns} 0-1

[Event "Team 45 45 League T39"]
[Site "Internet Chess Club"]
[Date "2008.11.01"]
[Round "2"]
[White "reverendjim"]
[Black "furrbrain"]
[Result "1-0"]
[WhiteElo "1220"]
[BlackElo "1180"]
[Opening "French: Winawer, advance variation"]
[ECO "C18"]
[Time "19:00:58"]
[TimeControl "2700+45"]

1. e4 e6 2. d4 d5 3. Nc3 Bb4 4. e5 c5 5. a3 Bxc3+ 6. bxc3 Nc6 7. Qg4 g6 8. Nf3
h5 9. Qg5 Qxg5 10. Bxg5 cxd4 11. cxd4 Nge7 12. Bb5 O-O 13. O-O Nf5 14. c3 a6 15.
Bd3 b5 16. h3 Bb7 17. g4 Ng7 18. Bf6 hxg4 19. hxg4 Rac8 20. Rac1 Ne8 21. g5 Nxf6
22. gxf6 Kh7 23. Ng5+ Kh6 24. f4 Na5 25. Rc2 Kh5 26. Rh2+ Kg4 27. Be2+ Kf5 28.
Bd3+ Kg4 29. Rg2+ Kh4 30. Rf3 Rxc3 31. Rh3# {Black checkmated} 1-0

[Event "Team 45 45 League T39"]
[Site "Internet Chess Club"]
[Date "2008.11.03"]
[Round "2"]
[White "WzeroMN"]
[Black "chips"]
[Result "1/2-1/2"]
[WhiteElo "1080"]
[BlackElo "1164"]
[Opening "Philidor's defense"]
[ECO "C41"]
[Time "07:25:30"]
[TimeControl "2700+45"]

1. e4 e5 2. Nf3 d6 3. c4 Nf6 4. d3 Nc6 5. Bg5 Be7 6. Be2 O-O 7. Nc3 Nd7 8. Bxe7
Qxe7 9. Nd5 Qd8 10. O-O Nf6 11. h3 Nxd5 12. cxd5 Nb8 13. Nd2 Nd7 14. Rc1 Nf6 15.
Nf3 h6 16. d4 Nxe4 17. dxe5 Nc5 18. exd6 cxd6 19. Re1 b6 20. Bb5 Bd7 21. Bxd7
Qxd7 22. Nd4 Rfe8 23. Rxe8+ Qxe8 24. Rc2 Qd7 25. Re2 Re8 26. Rxe8+ Qxe8 27. Qe2
Qxe2 {Game drawn by mutual agreement} 1/2-1/2

[Event "Team 45 45 League T39"]
[Site "Internet Chess Club"]
[Date "2008.11.02"]
[Round "2"]
[White "hz1038"]
[Black "rj115225"]
[Result "0-1"]
[WhiteElo "825"]
[BlackElo "923"]
[Opening "French: Two knights variation"]
[ECO "C00"]
[Time "12:00:10"]
[TimeControl "2700+45"]

1. e4 e6 2. Nf3 d5 3. Nc3 Nf6 4. Bb5+ c6 5. O-O dxe4 6. d3 exf3 7. Qxf3 cxb5 8.
Nxb5 Bc5 9. Be3 Bxe3 10. fxe3 O-O 11. Qf4 Nh5 12. Qh4 Qxh4 13. Nd6 Bd7 14. Ne4
Nc6 15. Nc5 Rad8 16. Ne4 Ne5 17. Nc5 Bc6 18. Ne4 Nf6 19. Ng3 Nh5 20. a4 Nxg3 21.
Rf2 Ng4 22. h3 Nxf2 23. Kxf2 Nh1+ 24. Kg1 Qg3 25. Kf1 Bxg2+ 26. Kg1 Qf3 27. Kh2
Bf1 28. Kg1 Qg2# {White checkmated} 0-1

[Event "Team 45 45 League T39"]
[Site "Internet Chess Club"]
[Date "2008.11.04"]
[Round "2"]
[White "cityprosecutor"]
[Black "PJ"]
[Result "1-0"]
[WhiteElo "1775"]
[BlackElo "1754"]
[Opening "Four knights: Belgrade gambit"]
[ECO "C47"]
[Time "14:09:01"]
[TimeControl "2700+45"]

1. e4 e5 2. Nf3 Nc6 3. Nc3 Nf6 4. d4 exd4 5. Nd5 Be7 6. Bc4 O-O 7. O-O d6 8.
Nxd4 Nxd4 9. Qxd4 Nxd5 10. Bxd5 c6 11. Bb3 b5 12. c3 c5 13. Qe3 Be6 14. Bc2 Qc7
15. Qg3 Rac8 16. Bf4 Rfd8 17. Rfd1 Bf8 18. Rd2 Rd7 19. a3 Rcd8 20. Rad1 Qc6 21.
Qd3 Bc4 22. Qh3 Be6 23. Qh4 g6 24. Bg5 Re8 25. f4 Rc7 26. f5 Bc8 27. f6 Qd7 28.
h3 Qe6 29. Bf4 Rd7 30. Rf2 Bb7 31. Bh6 Kh8 32. Re1 Qe5 33. Bf4 Qh5 34. Qxh5 gxh5
35. Rd2 d5 36. e5 b4 37. Ba4 Red8 38. Bxd7 Rxd7 39. e6 fxe6 40. Rxe6 Kg8 41.
cxb4 cxb4 42. a4 Kf7 43. Re5 Bd6 44. Rf5 Bxf4 45. Rxf4 Rd6 46. Rxb4 Bc8 47. Rb8
Bf5 48. Rb7+ Bd7 49. Rxa7 Kxf6 50. b4 {Black resigns} 1-0

[Event "Team 45 45 League T39"]
[Site "Internet Chess Club"]
[Date "2008.11.01"]
[Round "2"]
[White "nanning"]
[Black "mongmong"]
[Result "0-1"]
[WhiteElo "1599"]
[BlackElo "1680"]
[Opening "French: Réti (Spielmann) variation"]
[ECO "C00"]
[Time "05:05:16"]
[TimeControl "2700+45"]

1. e4 e6 2. b3 d5 3. Bb2 Nf6 4. e5 Nfd7 5. f4 Be7 6. Qg4 g6 7. Nf3 h5 8. Qg3 c5
9. d4 Nc6 10. c3 cxd4 11. Nxd4 Nxd4 12. cxd4 Bh4 13. Qxh4 Qxh4+ 14. g3 Qd8 15.
Nc3 a6 16. Bd3 b5 17. Ba3 Qb6 18. Kd2 Qxd4 19. Rac1 Nc5 20. Bxc5 Qxc5 21. Rc2
Bd7 22. Rhc1 O-O 23. Ke2 Rfc8 24. Ne4 Qxc2+ 25. Rxc2 Rxc2+ 26. Bxc2 dxe4 27.
Bxe4 Ra7 28. Kd2 Rc7 29. b4 Bc6 30. Bd3 Bd5 31. a3 Bc4 32. Be4 Kf8 33. Ke3 Rd7
34. h3 Rd1 35. Bb7 Ra1 36. Bxa6 Rxa3+ 37. Kd4 Rxg3 38. Kc5 Rxh3 39. Bxb5 Bxb5
40. Kxb5 Rb3 41. Kc5 Rb1 42. b5 h4 43. b6 h3 44. Kc6 h2 {White resigns} 0-1

[Event "Team 45 45 League T39"]
[Site "Internet Chess Club"]
[Date "2008.10.31"]
[Round "2"]
[White "ElMarginal"]
[Black "medsurg"]
[Result "0-1"]
[WhiteElo "1450"]
[BlackElo "1466"]
[Opening "Scotch game"]
[ECO "C45"]
[Time "23:00:16"]
[TimeControl "2700+45"]

1. e4 e5 2. Nf3 Nc6 3. d4 exd4 4. Nxd4 Bc5 5. Nf5 Qf6 6. Be3 Bxe3 7. Nxe3 Qxb2
8. Nd2 Nf6 9. Bc4 Qe5 10. O-O O-O 11. f4 Qd4 12. Qe2 Nxe4 13. Kh1 Qxd2 14. Nd5
Qxe2 15. Bxe2 Nd4 16. Nxc7 Rb8 17. Bd3 Nf6 18. c3 Ne6 19. Nb5 Nc5 20. Bc2 d5 21.
Nxa7 Bd7 22. a4 Ra8 23. Nb5 Bxb5 24. axb5 Rxa1 25. Rxa1 Nfe4 26. Ra3 b6 27. g3
g6 28. Kg2 Re8 29. Bb1 Nd2 30. Ba2 Nc4 31. Ra7 Re2+ 32. Kh3 Rc2 33. Bxc4 dxc4
34. Ra3 Kg7 {White resigns} 0-1

[Event "Team 45 45 League T39"]
[Site "Internet Chess Club"]
[Date "2008.11.01"]
[Round "2"]
[White "ticopatzer"]
[Black "theartist"]
[Result "1-0"]
[WhiteElo "1463"]
[BlackElo "1241"]
[Opening "Réti: King's Indian attack, French variation"]
[ECO "C00"]
[Time "13:01:16"]
[TimeControl "2700+45"]

1. e4 e6 2. d3 d5 3. Nd2 c5 4. g3 Nc6 5. Bg2 Nf6 6. Ngf3 Be7 7. O-O O-O 8. Re1
Rb8 9. e5 Nd7 10. Nf1 h6 11. Bf4 Qb6 12. Rb1 Nd4 13. Nxd4 cxd4 14. Qg4 Kh7 15.
h4 Rg8 16. Nh2 g5 17. hxg5 Bxg5 18. Nf3 Bxf4 19. Qxf4 Rg7 20. Kh2 Qd8 21. Qxd4
b6 22. Qf4 Qg8 23. Bh3 Nf8 24. Nd4 Bd7 25. Qf6 Rg6 26. Qe7 Re8 27. Qd6 Rc8 28.
Qa3 Rc7 29. Rbc1 f6 30. c4 f5 31. cxd5 Rxc1 32. Rxc1 exd5 33. Qxa7 Qg7 34. Rc7
Qxe5 35. Rxd7+ Nxd7 36. Qxd7+ Qg7 37. Qxd5 Rf6 38. Bxf5+ Kh8 39. Qd8+ Qf8 40.
Qxf8+ Rxf8 41. g4 Rd8 42. Ne6 Re8 43. Kh3 Kg8 44. Kh4 Kf7 45. Kh5 Rxe6 46. Bxe6+
Kxe6 47. Kxh6 {Black resigns} 1-0

[Event "Team 45 45 League T39"]
[Site "Internet Chess Club"]
[Date "2008.10.31"]
[Round "2"]
[White "ShanghaiTom"]
[Black "SugarIslander"]
[Result "0-1"]
[WhiteElo "1739"]
[BlackElo "1663"]
[Opening "Evans gambit: 5...Be7"]
[ECO "C51"]
[Time "12:02:56"]
[TimeControl "2700+45"]

1. e4 e5 2. Nf3 Nc6 3. Bc4 Bc5 4. b4 Bxb4 5. c3 Be7 6. d4 d6 7. O-O Nf6 8. Re1
O-O 9. h3 a6 10. Bg5 Na5 11. Bd3 Nd7 12. Be3 b5 13. Nbd2 Bf6 14. Nb3 c6 15. Bc1
Nb7 16. Ba3 a5 17. Bc2 Nb6 18. Nbd2 a4 19. dxe5 Be7 20. exd6 Bxd6 21. Bxd6 Nxd6
22. Nf1 Be6 23. Nd4 Qd7 24. Nxe6 Qxe6 25. Qh5 g6 26. Qf3 Rad8 27. Ng3 Ndc4 28.
Nf1 Rd7 29. Red1 Rfd8 30. Rxd7 Rxd7 31. Rd1 Ne5 32. Qg3 Rxd1 33. Bxd1 Nbc4 34.
f4 Qd6 35. Bxa4 bxa4 36. fxe5 Nxe5 37. Qe3 Qa3 38. Qd2 Qc5+ 39. Kh1 a3 40. Ne3
Qb5 41. Nc2 Qb1+ 42. Kh2 Qxa2 43. Qd8+ Kg7 44. Nb4 Qc4 45. Qd4 Qxd4 46. cxd4 Nd3
47. Na2 f6 48. Kg3 Kf7 49. Kf3 Ke6 50. g3 f5 51. Ke2 fxe4 {White resigns} 0-1

[Event "Team 45 45 League T39"]
[Site "Internet Chess Club"]
[Date "2008.10.30"]
[Round "2"]
[White "oldsj"]
[Black "clarinetref"]
[Result "0-1"]
[WhiteElo "1566"]
[BlackElo "1729"]
[Opening "King's Indian: Zinnowitz variation"]
[ECO "E90"]
[Time "17:00:19"]
[TimeControl "2700+45"]

1. e4 d6 2. d4 g6 3. c4 Bg7 4. Nf3 Nf6 5. Nc3 O-O 6. Bg5 c5 7. Qd2 cxd4 8. Nxd4
Nc6 9. Nf3 Re8 10. Bd3 Bg4 11. Be2 Qa5 12. Nd5 Qxd2+ 13. Nxd2 Nxd5 14. Bxg4 Ndb4
15. O-O Bxb2 16. Rab1 Ba3 17. Bd7 Red8 18. Bxc6 bxc6 19. Bxe7 Rd7 20. Bf6 Nd3
21. Rb3 Nxf2 22. Rxf2 Bc5 23. Rf3 Rb8 24. Nb3 Bxf2+ 25. Rxf2 h5 26. Rd2 d5 27.
Nc5 Rc7 28. Be5 Rb1+ 29. Kf2 Re7 30. Bf6 Re8 31. exd5 cxd5 32. cxd5 Rc1 33. d6
Rxc5 34. Be7 Rf5+ 35. Kg1 Kh7 36. h3 Rxe7 37. dxe7 Re5 38. Rd7 a5 39. Ra7 Kg7
40. a4 Kf6 41. Ra6+ Kxe7 42. Ra7+ Kf6 43. Ra6+ Kf5 44. Kf2 f6 45. Kf3 Rc5 46.
Ke3 Ke5 47. Kd3 g5 48. Ra8 Kf5 49. g3 g4 50. h4 Ke5 51. Ra6 Rd5+ 52. Ke3 f5 53.
Ra8 Rc5 54. Re8+ Kf6 55. Rf8+ Kg7 56. Kd4 Kxf8 57. Kxc5 f4 58. Kd4 f3 59. Ke3
Kf7 {White resigns} 0-1

[Event "Team 45 45 League T39"]
[Site "Internet Chess Club"]
[Date "2008.10.31"]
[Round "2"]
[White "whiterook"]
[Black "sra66"]
[Result "0-1"]
[WhiteElo "1593"]
[BlackElo "1644"]
[Opening "Sicilian: Alapin's variation (2.c3)"]
[ECO "B22"]
[Time "15:05:45"]
[TimeControl "2700+45"]

1. e4 c5 2. c3 d5 3. exd5 Qxd5 4. d4 Nc6 5. Nf3 Nf6 6. Be3 Bg4 7. Be2 cxd4 8.
cxd4 Rd8 9. Nc3 Qa5 10. O-O e6 11. Qb3 Qb4 12. Qc2 Be7 13. a3 Qd6 14. Nb5 Qb8
15. Qd2 O-O 16. Bf4 Qa8 17. Bc7 Rd7 18. Qf4 a6 19. Nc3 Bxf3 20. Bxf3 Nxd4 21.
Rad1 Nxf3+ 22. gxf3 Rxd1 23. Rxd1 Qc8 24. Kh1 Nh5 25. Qe5 f6 26. Qxh5 Qxc7 27.
Rg1 f5 28. Rg3 Rf7 29. Qh3 Bxa3 30. bxa3 Qxc3 31. Qh4 Qxa3 32. Qd8+ Qf8 33. Qb6
Qc8 34. Rg1 Qc6 35. Qd8+ Rf8 36. Qg5 Qxf3+ 37. Rg2 Qd1+ 38. Rg1 Qd7 39. Re1 a5
40. Qe3 b5 41. Qc3 b4 42. Qe5 Qd5+ 43. Qxd5 exd5 44. Re5 b3 45. Rxd5 {White
resigns} 0-1

[Event "Team 45 45 League T39"]
[Site "Internet Chess Club"]
[Date "2008.11.04"]
[Round "2"]
[White "beerss"]
[Black "Aquaman"]
[Result "1-0"]
[WhiteElo "1486"]
[BlackElo "1352"]
[Opening "Bird's opening"]
[ECO "A02"]
[Time "21:04:07"]
[TimeControl "2700+45"]

1. f4 b6 2. Nf3 Bb7 3. e3 Nf6 4. Be2 d6 5. O-O e6 6. b3 Be7 7. Bb2 O-O 8. d3 c5
9. Nbd2 Nbd7 10. Kh1 Ng4 11. Qe1 Nxe3 12. Qg3 Nf6 13. Rfc1 Nf5 14. Qh3 h6 15. c4
Bc8 16. g4 Ne3 17. Ne1 Bb7+ 18. Bf3 Bxf3+ 19. Qxf3 Nfxg4 20. Ng2 Nxg2 21. Qxg4
Bf6 22. Bxf6 Qxf6 23. Qxg2 Qxf4 24. Rg1 g6 25. Raf1 Qe5 26. Ne4 Qd4 27. Qd2 Kg7
28. Qc3 Qxc3 29. Nxc3 a6 30. Ne4 Rad8 31. Nc3 h5 32. h4 Rd7 33. Ne4 Kh6 34. Nf6
Rc7 35. Rg5 b5 36. Rfg1 b4 37. Ne4 Rd7 38. R1g2 a5 39. Kg1 e5 40. Nf6 Ra7 41.
Nd5 a4 42. Rf2 axb3 43. axb3 f5 44. Rfg2 Rg8 45. Ne3 Rgg7 46. Nd5 f4 47. Nf6 Ra3
48. Rb2 Rf7 49. Ne8 Rd7 50. Rbg2 Rxb3 51. Rxg6+ Kh7 52. Nf6+ Kh8 53. Rg8# {Black
checkmated} 1-0

[Event "Team 45 45 League T39"]
[Site "Internet Chess Club"]
[Date "2008.10.31"]
[Round "2"]
[White "john-beebs"]
[Black "Glassywoman"]
[Result "1-0"]
[WhiteElo "1440"]
[BlackElo "1378"]
[Opening "Philidor: exchange variation"]
[ECO "C41"]
[Time "15:58:19"]
[TimeControl "2700+45"]

1. e4 e5 2. Nf3 d6 3. d4 exd4 4. Nxd4 a6 5. Nc3 h6 6. Bc4 Nf6 7. O-O Be7 8. Re1
O-O 9. h3 Nbd7 10. Nf5 Nc5 11. Nxe7+ Qxe7 12. Qf3 c6 13. Bf4 a5 14. Rad1 Rd8 15.
e5 Nh7 16. exd6 Qf6 17. Qe3 Bxh3 18. gxh3 b5 19. Be5 Qg6+ 20. Bg3 Ng5 21. Kh2
bxc4 22. Qxc5 Nf3+ 23. Kh1 Nxe1 24. Rxe1 Qxc2 25. Re2 Qg6 26. Qxc4 Qh5 27. Qg4
Qc5 28. Be5 g6 29. Qf4 Re8 30. Qf6 Rxe5 31. Rxe5 Qc4 32. d7 Qd3 33. Re8+ Kh7 34.
Qxf7# {Black checkmated} 1-0

[Event "Team 45 45 League T39"]
[Site "Internet Chess Club"]
[Date "2008.10.29"]
[Round "2"]
[White "albacore"]
[Black "Mutaant"]
[Result "1-0"]
[WhiteElo "1311"]
[BlackElo "1483"]
[Opening "Queen's pawn game"]
[ECO "D02"]
[Time "18:03:23"]
[TimeControl "2700+45"]

1. d4 d5 2. Nf3 Bg4 3. Ne5 Bh5 4. g4 Bg6 5. Nxg6 hxg6 6. Bf4 e6 7. Nc3 a6 8. Qd3
Bd6 9. Bd2 Rxh2 10. Rxh2 Bxh2 11. O-O-O Qf6 12. Qe3 Bd6 13. Nxd5 Qh4 14. Bb4 Kd7
15. Bxd6 cxd6 16. Nb6+ Ke7 17. Nxa8 Qxg4 18. Nb6 Nf6 19. d5 e5 20. Bh3 Qb4 21.
f4 e4 22. f5 g5 23. b3 Kd8 24. Nc4 g4 25. Bg2 Nbd7 26. Bxe4 Nc5 27. Bg2 Kd7 28.
Rd4 Qe1+ 29. Rd1 Qb4 30. Qf4 Ne8 31. Ne5+ {Black resigns} 1-0

[Event "Team 45 45 League T39"]
[Site "Internet Chess Club"]
[Date "2008.10.30"]
[Round "2"]
[White "wrimle"]
[Black "Kalar-Yadwa"]
[Result "0-1"]
[WhiteElo "1268"]
[BlackElo "1327"]
[Opening "Caro-Kann: advance variation"]
[ECO "B12"]
[Time "15:30:13"]
[TimeControl "2700+45"]

1. e4 c6 2. d4 d5 3. e5 c5 4. dxc5 e6 5. Be3 Nh6 6. c3 Nd7 7. Bd4 Nxc5 8. Bxc5
Bxc5 9. Qa4+ Bd7 10. Bb5 Rc8 11. Nf3 a6 12. Bxd7+ Qxd7 13. Qxd7+ Kxd7 14. O-O
Rhe8 15. Nbd2 Ke7 16. Ng5 Rh8 17. Nb3 Ba7 18. Rad1 Nf5 19. Rd3 h6 20. Nf3 g6 21.
g3 Bb6 22. Nfd4 Nxd4 23. Nxd4 Rc7 24. Nc2 Rhc8 25. Ne3 h5 26. Rc1 d4 27. Nd1 Rc5
28. Rxd4 Rxe5 29. Rb4 Rc6 30. Kg2 a5 31. Rf4 Bc7 32. Ne3 Rb5 33. Rc2 Bxf4 34.
gxf4 Rd6 35. a4 Rc5 36. b3 b5 37. axb5 Rxb5 38. Nc4 Ra6 39. Rb2 Ra7 40. Ne5 Rab7
41. c4 Rc5 42. Nd3 Rcc7 43. c5 f6 44. Kf3 Kd7 45. Ke4 Ra7 46. Kd4 Rcb7 47. b4
axb4 48. Nxb4 Kc7 49. c6 Rb6 50. Kc4 Ra4 51. Kc5 Ra5+ 52. Kc4 Rf5 53. Re2 Rxf4+
54. Kc5 Rbxb4 55. Rxe6 Rbc4+ 56. Kb5 Rce4 {White resigns} 0-1

[Event "Team 45 45 League T39"]
[Site "Internet Chess Club"]
[Date "2008.10.30"]
[Round "2"]
[White "JustinZ"]
[Black "moreffee"]
[Result "0-1"]
[WhiteElo "1240"]
[BlackElo "1414"]
[Opening "Sicilian"]
[ECO "B54"]
[Time "14:00:15"]
[TimeControl "2700+45"]

1. e4 c5 2. Nf3 d6 3. d4 cxd4 4. Nxd4 a6 5. Bc4 e6 6. Qe2 Nd7 7. Bf4 e5 8. Qf3
exf4 9. Qxf4 Qf6 10. Nf5 g6 11. Nxd6+ Bxd6 12. Qxf6 Ngxf6 13. Nc3 Ne5 14. f4
Nxc4 {White resigns} 0-1

[Event "Team 45 45 League T39"]
[Site "Internet Chess Club"]
[Date "2008.11.02"]
[Round "2"]
[White "GadsHill"]
[Black "Shazaam"]
[Result "1-0"]
[WhiteElo "1562"]
[BlackElo "1600"]
[Opening "QGD: Charousek (Petrosian) variation"]
[ECO "D31"]
[Time "19:03:55"]
[TimeControl "2700+45"]

1. d4 d5 2. c4 e6 3. Nc3 Be7 4. Nf3 Nf6 5. cxd5 exd5 6. Bg5 Ne4 7. Bf4 O-O 8.
Nxe4 dxe4 9. Ne5 Bb4+ 10. Bd2 Qxd4 11. Bxb4 Qxb4+ 12. Qd2 Qxb2 13. Qxb2 Re8 14.
e3 Bf5 15. Be2 f6 16. Nc4 b6 17. O-O c5 18. Nd6 Re5 19. Nxf5 Rxf5 20. Rfd1 Nc6
21. Rd6 Rc8 22. Rad1 Re5 23. Bb5 Ne7 24. Rd8+ Kf7 25. Rxc8 Nxc8 26. Qb3+ {Black
resigns} 1-0

[Event "Team 45 45 League T39"]
[Site "Internet Chess Club"]
[Date "2008.11.01"]
[Round "2"]
[White "xlxe5"]
[Black "sdcohle"]
[Result "0-1"]
[WhiteElo "1271"]
[BlackElo "1309"]
[Opening "King's Indian: East Indian defense"]
[ECO "A48"]
[Time "16:00:11"]
[TimeControl "2700+45"]

1. d4 Nf6 2. Nf3 g6 3. Nbd2 Bg7 4. e4 d6 5. Bd3 O-O 6. Qe2 Nc6 7. c3 e5 8. O-O
Re8 9. Re1 Bg4 10. h3 Bxf3 11. Nxf3 d5 12. dxe5 Nxe5 13. Nxe5 Rxe5 14. Bf4 Re8
15. Qf3 dxe4 16. Bxe4 Nxe4 17. Rxe4 c6 18. Rae1 Rxe4 19. Qxe4 Qb6 20. Qc2 Rc8
21. Be3 Qa6 22. Qb3 Re8 23. Qa3 Qxa3 24. bxa3 Bxc3 25. Re2 Bd4 26. Kf1 Bxe3 27.
fxe3 f5 28. Kf2 Kf7 29. Rb2 b6 30. Rc2 c5 31. a4 Rc8 32. Kf3 Ke6 33. Kf4 h6 34.
h4 Rd8 35. Rc4 Rd2 36. g3 Rf2# {White checkmated} 0-1

[Event "Team 45 45 League T39"]
[Site "Internet Chess Club"]
[Date "2008.11.01"]
[Round "2"]
[White "IanT"]
[Black "cobra2008"]
[Result "0-1"]
[WhiteElo "1299"]
[BlackElo "1339"]
[Opening "King's pawn game"]
[ECO "C50"]
[Time "21:30:09"]
[TimeControl "2700+45"]

1. e4 e5 2. Nf3 Nc6 3. Bc4 h6 4. d3 Bc5 5. c3 Nf6 6. Nbd2 Ng4 7. O-O d6 8. Nb3
Bb6 9. d4 exd4 10. cxd4 O-O 11. Bf4 Qf6 12. g3 Qd8 13. Qd2 a6 14. d5 Nce5 15.
Bxe5 Nxe5 16. Nxe5 dxe5 17. Rad1 Bh3 18. Rfe1 Qf6 19. a4 Qf3 20. Bf1 Bxf1 21.
Kxf1 Qxb3 22. a5 Ba7 23. Qc3 Qxc3 24. bxc3 Rad8 25. c4 Bd4 26. f4 Bc3 27. Re2
Bxa5 28. fxe5 Bb6 29. d6 cxd6 30. exd6 Bc5 31. Red2 b6 32. Ke2 g5 33. Rd5 f6 34.
R1d3 Kg7 35. Kf3 a5 36. Kg4 Kg6 37. h4 h5+ 38. Kf3 g4+ 39. Kf4 a4 40. d7 Rf7 41.
e5 fxe5+ 42. Kxe5 Re7+ 43. Kf4 Rf8+ 44. Rf5 Rxf5# {White checkmated} 0-1

[Event "Team 45 45 League T39"]
[Site "Internet Chess Club"]
[Date "2008.11.01"]
[Round "2"]
[White "Check101"]
[Black "bjc"]
[Result "1-0"]
[WhiteElo "1056"]
[BlackElo "1295"]
[Opening "Pirc: classical (two knights) system"]
[ECO "A40"]
[Time "15:12:11"]
[TimeControl "2700+45"]

1. d4 g6 2. e4 Bg7 3. Nc3 d6 4. Nf3 Nf6 5. Bc4 O-O 6. Be3 Nbd7 7. Qd2 e5 8.
O-O-O Ng4 9. dxe5 Nxe3 10. Qxe3 Nxe5 11. Nxe5 Bxe5 12. f4 Bg7 13. e5 Re8 14. Rd2
Bf5 15. Ne4 a6 16. Rhd1 b5 17. Bd5 Rc8 18. Bb7 Rb8 19. Bxa6 Rb6 20. h3 Rxa6 21.
a3 b4 22. Rd3 bxa3 23. Rxa3 Rxa3 24. bxa3 Qb8 25. g4 Be6 26. Rd3 dxe5 27. Nc5
Ba2 28. Nb3 exf4 29. Qf3 c6 30. Qxc6 f3 31. Qxf3 Re1+ 32. Rd1 Bh6+ 33. Kb2 Re3
34. Qd5 Bxb3 35. cxb3 Qh2+ 36. Kb1 Rxb3+ 37. Qxb3 Qe2 38. Qb8+ Kg7 39. Qb2+
Qxb2+ 40. Kxb2 Kf6 41. a4 Bf4 42. a5 Kg5 43. Rd3 Kh4 44. Rf3 Be5+ 45. Kb3 Bd4
46. a6 f6 47. Kc4 Bb6 48. Rxf6 Bg1 49. Rf7 h6 50. a7 Bxa7 51. Rxa7 Kxh3 52. Ra6
h5 53. Rxg6 hxg4 54. Kd3 g3 55. Rh6+ Kg2 56. Ke2 Kg1 57. Kf3 g2 58. Rg6 Kh1 59.
Kf2 g1=Q+ 60. Rxg1+ Kh2 61. Rg8 {Black resigns} 1-0

[Event "Team 45 45 League T39"]
[Site "Internet Chess Club"]
[Date "2008.11.02"]
[Round "2"]
[White "Bega"]
[Black "Rainbird"]
[Result "0-1"]
[WhiteElo "1785"]
[BlackElo "1867"]
[Opening "Ruy Lopez: closed, Chigorin, 12...Nc6"]
[ECO "C98"]
[Time "11:00:08"]
[TimeControl "2700+45"]

1. e4 e5 2. Nf3 Nc6 3. Bb5 a6 4. Ba4 Nf6 5. O-O Be7 6. Re1 b5 7. Bb3 d6 8. c3
O-O 9. h3 Na5 10. Bc2 c5 11. d4 Qc7 12. Nbd2 Nc6 13. d5 Nd8 14. Nf1 Ne8 15. Ng3
g6 16. Nh2 Ng7 17. f4 f6 18. Ng4 Nf7 19. Rf1 Bd7 20. Qe2 Rfe8 21. Be3 Rab8 22.
Rf2 a5 23. a4 c4 24. axb5 Bxb5 25. Raf1 Rf8 26. fxe5 fxe5 27. Nh6+ Nxh6 28. Bxh6
Rxf2 29. Qxf2 Rf8 30. Qe2 Rxf1+ 31. Nxf1 Qb8 32. Ne3 Qb6 33. Kh2 Qd8 34. g3 Bg5
35. Bxg5 Qxg5 36. h4 Qd8 37. Qf2 Qb6 38. Qe2 Nh5 39. Ng4 Bd7 40. Ne3 Bb5 41. Bd1
a4 42. Ng4 Bd7 43. Ne3 Bb5 44. Qd2 Nf6 45. Bf3 Ba6 46. Nd1 Kg7 47. Qg5 h6 48.
Qd2 Bc8 49. Qe2 Qc7 50. Ne3 Ba6 51. Qc2 Bb5 52. g4 Qc5 53. Nd1 Bd7 54. g5 hxg5
55. hxg5 Nh7 56. Qg2 a3 57. bxa3 Qxa3 58. Qg3 Qa2+ 59. Kh1 Qd2 60. Qh4 Qxg5 61.
Qxg5 Nxg5 62. Bg2 Bg4 63. Ne3 Be2 64. Kg1 Bd3 65. Kh2 Kf6 66. Ng4+ Ke7 67. Nf2
Bc2 68. Kg3 Kf6 69. Kg4 Ba4 70. Bf1 Bd7+ 71. Kg3 Bb5 72. Bg2 Nf7 73. Ng4+ Ke7
74. Ne3 Kf6 75. Ng4+ Ke7 76. Kh4 Ba4 77. Bf1 Bc2 78. Nf2 Kf6 79. Bxc4 Nd8 80.
Bf1 Nb7 81. Bh3 Nc5 82. Bg2 Na4 83. Ng4+ Kg7 84. Ne3 Bd3 85. c4 Nc5 86. Ng4 Bxe4
87. Bf1 Bd3 88. Bxd3 Nxd3 89. Kg5 Nc5 90. Ne3 Ne4+ 91. Kg4 Kf6 92. Kf3 Nc5 93.
Ng4+ Kg5 94. Nf2 Kf5 95. Nd1 e4+ 96. Ke3 Ke5 97. Nf2 Kf5 98. Nh3 g5 99. Ng1 Kg4
100. Ne2 Kh3 101. Kf2 g4 102. Kg1 Nd3 103. Nc3 e3 104. Ne2 g3 105. Nd4 g2 106.
Ne2 Ne1 107. Nf4+ Kg3 108. Ne2+ Kf3 109. Nd4+ Ke4 110. Nb5 Ke5 111. Nc3 Kd4 112.
Nb5+ Kxc4 113. Nxd6+ Kc5 114. Nf5 Nf3+ 115. Kxg2 e2 116. Kxf3 e1=Q 117. d6 Qe5
118. Kg4 Kc6 119. Kg5 Kd7 120. Kg6 Ke8 121. Ng7+ Kd7 122. Nf5 Ke6 123. Ng7+ Kxd6
124. Nf5+ Kd7 125. Ng7 Ke7 126. Nf5+ Kf8 127. Kg5 Kf7 128. Kg4 Kf6 129. Ng3 Qd4+
130. Kf3 Ke5 131. Ne2 Qd3+ 132. Kf2 Ke4 133. Ng3+ Kf4 134. Ne2+ Kg4 135. Ng1
Qd2+ 136. Kf1 Kg3 137. Ne2+ Kf3 138. Ng1+ Ke3 139. Nh3 Qc2 140. Kg1 Kf3 141.
Ng5+ Kg3 {White resigns} 0-1

[Event "Team 45 45 League T39"]
[Site "Internet Chess Club"]
[Date "2008.11.09"]
[Round "2"]
[White "RealChosenOne"]
[Black "gagdad"]
[Result "1-0"]
[WhiteElo "1804"]
[BlackElo "1657"]
[Opening "Alekhine's defense: four pawns attack, Trifunovic variation"]
[ECO "B03"]
[Time "16:04:34"]
[TimeControl "2700+45"]

1. e4 Nf6 2. e5 Nd5 3. d4 d6 4. c4 Nb6 5. f4 Bf5 6. Nc3 g6 7. Be3 Bg7 8. Be2 O-O
9. Qd2 N8d7 10. g4 Be6 11. d5 Nxc4 12. Bxc4 Bxg4 13. h3 Bf5 14. e6 fxe6 15. dxe6
Nf6 16. Nf3 Ne4 17. Nxe4 Bxe4 18. Rf1 c5 19. Ng5 Bf5 20. h4 Qb6 21. O-O-O d5 22.
Bxd5 Rfd8 23. Rf2 h6 24. Nf7 Bxe6 25. Nxd8 {Black resigns} 1-0